 Dungeon Crawl Stone Soup version 0.26.0-45-g9c1d065592 (webtiles) character file.

Game seed: 7093057959284559836

15 DungeonDestroyer the Vexing (level 2, -1/11 HPs)
             Began as a Felid Enchanter on Jan 30, 2021.
             Slain by a hobgoblin
             ... wielding a +0 club
              (3 damage)
             ... on level 2 of the Dungeon.
             The game lasted 00:01:55 (984 turns).

DungeonDestroyer the Vexing (Felid Enchanter)        Turns: 984, Time: 00:01:55

Health: -1/11      AC:  1    Str:  2 (4)  XL:     2   Next: 34%
Magic:  15/15      EV: 17    Int: 15 (16) God:
Gold:   23         SH:  0    Dex: 13 (16) Spells: 4/5 levels left
                                        Lives:  0   Deaths: 0

rFire    . . .     SeeInvis +     - Unarmed
rCold    . . .     Faith    .   (shield unavailable)
rNeg     . . .     Spirit   .   (armour unavailable)
rPois    .         Reflect  .   (helmet unavailable)
rElec    .         Harm     .   (cloak unavailable)
rCorr    .         Rampage  .   (gloves unavailable)
Will     .....                  (boots unavailable)
Stlth    +++.......             (no amulet)
HPRegen  0.03/turn              f - ring of magical power
MPRegen  0.14/turn              (no ring)

@: quick
A: very small, no armour, no weapons or thrown items, stealth, claws 1, fangs 3,
see invisible, speed 1, shaggy fur 1, sharp paws
a: no special abilities


You were on level 2 of the Dungeon.
You visited 1 branch of the dungeon, and saw 2 of its levels.

You collected 23 gold pieces.

Inventory:

Jewellery
 f - a ring of magical power (left paw)
Scrolls
 c - a scroll of identify
Potions
 a - a potion of lignification


   Skills:
 * Level 0.2 Fighting
 * Level 2.8 Dodging
 * Level 4.5 Stealth
 * Level 1.1 Unarmed Combat
 * Level 2.0 Spellcasting
 * Level 4.8 Hexes


You had 4 spell levels left.
You knew the following spells:

 Your Spells              Type           Power        Failure   Level
a - Corona                Hex            17%          3%          1

Your spell library contained the following spells:

 Spells                   Type           Power        Failure   Level
 Confusing Touch          Hex            16%          9%          3
 Tukima's Dance           Hex            16%          9%          3
 Ensorcelled Hibernation  Hex/Ice        16%          12%         2
 Dazzling Flash           Conj/Hex       16%          24%         3


Dungeon Overview and Level Annotations

Branches:
Dungeon (2/15)

Altars:


Innate Abilities, Weirdness & Mutations

You cannot wear armour.
You are incapable of wielding weapons or throwing items.
Your paws allow you to move quietly. (Stealth)
You have sharp claws.
You have razor-sharp teeth.
You have supernaturally acute eyesight. (SInv)
You cover ground quickly.
You are covered in fur. (AC +1)
Your sharp claws are effective at attacking unaware monsters.


Message History

The hobgoblin hits you with a +0 club.
* * * LOW HITPOINT WARNING * * *
You are too injured to fight recklessly!
You scratch the rat.
The rat is severely wounded.
The jackal misses you. The jackal barely misses you.
The kobold closely misses you. The rat barely misses you.
The jackal bites you but does no damage.
The jackal barely misses you. The hobgoblin closely misses you.
Unknown command.
You barely miss the rat.
The rat is severely wounded.
The kobold closely misses you. The rat completely misses you.
The jackal misses you.
Unknown command.
You barely miss the rat.
The rat is severely wounded.
The jackal closely misses you. The jackal misses you.
The hobgoblin hits you with a +0 club.
You die...

#......##
##........
#......... ..
#......... ...
#.......
....###.l...#
........hrg..#
.........@K..#
.........hh..#
#...........#
#......?....#
#....(.(....#
#....?......#
#......######
#......######
#.............


You could see 3 jackals, a hobgoblin, a kobold, a frilled lizard and a rat.

Vanquished Creatures
  A dart slug (D:1)
  2 leopard geckos (D:1)
  A hobgoblin (D:1)
  2 bats (D:2)
  2 goblins (D:1)
  3 kobolds (D:1)
  A rat (D:1)
12 creatures vanquished.

Notes
Turn   | Place    | Note
-------+----------+-------------------------------------------
     0 | D:1      | DungeonDestroyer the Felid Enchanter began the quest for
                  | the Orb.
     0 | D:1      | Reached XP level 1. HP: 7/7 MP: 4/4
   557 | D:1      | Reached XP level 2. HP: 11/11 MP: 6/6
   984 | D:2      | Slain by a hobgoblin

Illustrated notes

Levels and vault maps discovered:
D:1:      minmay_arrival_five_plusses, layout_basic
D:2:      layout_basic, gammafunk_temple_overflow_pools, old_standard_altar,
          uniq_jessica

Action                   || total
-------------------------++-------
Melee: Unarmed           ||    48
       Bite              ||     3
  Use: Scroll            ||     3
       Potion            ||     3
 Stab: Sleeping          ||     4
Armor: Skin              ||     2
Dodge: Dodged            ||    59
